 Dungeon Crawl Stone Soup version 0.19-a0-503-g45a6586 (webtiles) character file.

163 Duffy the Cudgeler (level 5, -2/49 HPs)
             Began as a Naga Fighter on June 5, 2016.
             Slain by a goblin
             ... wielding a +0 club
             ... led by Robin
              (5 damage)
             ... on level 3 of the Dungeon.
             The game lasted 00:02:28 (2517 turns).

Duffy the Cudgeler (Naga Fighter)                   Turns: 2517, Time: 00:02:29

Health: -2/49      AC:  5    Str: 24    XL:     5   Next: 44%
Magic:  5/5        EV:  6    Int:  8    God:
Gold:   154        SH: 10    Dex: 11    Spells: 0 memorised, 4 levels left

rFire  . . .     SeeInvis +     a - +0 flail
rCold  . . .     Gourm    .     b - +0 scale mail
rNeg   . . .     Faith    .     c - +0 shield
rPois  +         Spirit   .     (no helmet)
rElec  .         Dismiss  .     (no cloak)
rCorr  .         Reflect  .     (no gloves)
SustAt .         Harm     .     (no barding)
MR     .....                    (no amulet)
Stlth  ..........               (no ring)
                                (no ring)

@: mighty, very slow, not resistant to hostile enchantments, extremely
unstealthy
A: see invisible, deformed body, poison resistance, slowness 2, slow metabolism
1, spit poison 2, AC +1
a: Spit Poison


You were on level 3 of the Dungeon.
You were not hungry.

You visited 1 branch of the dungeon, and saw 3 of its levels.

You collected 154 gold pieces.


Innate Abilities, Weirdness & Mutations

You cannot wear boots.
Your serpentine skin is tough. (AC +1)
You have supernaturally acute eyesight. (SInv)
Armour fits poorly on your strangely shaped body.
Your system is resistant to poisons. (rPois)
You cover ground very slowly.
You have a slow metabolism.
You can spit poison.


   Skills:
 - Level 3.0 Fighting
 + Level 4.1 Maces & Flails
 - Level 2.4 Armour
 + Level 3.8 Shields


You had 4 spell levels left.
You didn't know any spells.

Inventory:

Hand Weapons
 a - a +0 flail (weapon)
Armour
 b - a +0 scale mail (worn)
 c - a +0 shield (worn)
Scrolls
 e - 2 scrolls of identify {unknown}
 j - a scroll of fear {unknown}
 k - a scroll of enchant weapon {unknown}
 l - a scroll of magic mapping {unknown}
Comestibles
 f - 5 bread rations
 g - a slice of pizza
 i - 2 chunks of flesh

Dungeon Overview and Level Annotations

Branches:
Dungeon (3/15)

Altars:
Dithmenos
Okawaru
Qazlal
Yredelemnul

Annotations:
D:3 Robin


Message History

You kill the hobgoblin!
The goblin hits you with a dagger. You block the goblin's attack.
The goblin hits you but does no damage. The hobgoblin hits you.
You block the goblin's attack.
Your shield and scale mail prevent you from hitting the hobgoblin.
Robin roars a battlecry!
The goblins go into a battle-frenzy!
You block the goblin's attack. The goblin hits you.
The goblin hits you but does no damage. The hobgoblin hits you.
You block the goblin's attack.
Your shield and scale mail prevent you from hitting the hobgoblin.
The goblin hits you but does no damage. The goblin hits you with a dagger.
The goblin hits you but does no damage. You block the hobgoblin's attack.
The goblin hits you with a dagger. You block the goblin's attack.
The goblin hits you with a dagger.
You bludgeon the hobgoblin!!
You kill the hobgoblin!
You block the goblin's attack. The goblin barely misses you.
The goblin hits you but does no damage. x3; You block the goblin's attack.
You barely miss the goblin. The goblin hits you but does no damage.
The goblin hits you with a dagger. You block the goblin's attack. x2
The goblin hits you with a club. The goblin barely misses you.
You are too injured to fight recklessly!
You are too injured to fight recklessly!
You are too injured to fight recklessly!
You are too injured to fight recklessly!
You are too injured to fight recklessly!
You are too injured to fight recklessly!
You sock the goblin!
You kill the goblin!
Robin throws the goblin at you! The goblin completely misses you.
The goblin barely misses you. x3; You block the goblin's attack.
You sock the goblin!
You kill the goblin!
Robin hits you from afar with a trident.
The goblin hits you with a dagger. The goblin hits you.
You block the goblin's attack. The goblin hits you.
The goblin hits you but does no damage. Robin hits you but does no damage.
You sock the goblin!
You kill the goblin!
The goblin barely misses you. You block the goblin's attack.
The goblin hits you with a club. The goblin hits you but does no damage.
Robin hits you but does no damage.
You closely miss the goblin. You block the goblin's attack.
The goblin hits you with a club. The goblin hits you but does no damage.
The goblin hits you. You block Robin's attack.
You closely miss the goblin.
The hobgoblin hits you but does no damage.
The goblin barely misses you. The goblin hits you with a club.
You die...

.......g...(.............#
.........................#
.............#####.......#
#...gg......# #.......#
#########...#############
##_# #......#
8..(8##gg....#
.....##gg....#
.....8#@g....#
.....##gg....#
8...8##......# ##_##
#......# ## #......#
.......# ########


You could see Robin, 2 hobgoblins and 4 goblins.

Action                   |  1- 3 |  4- 6 || total
-------------------------+-------+-------++-------
Melee: Flail             |    91 |    92 ||   183
 Abil: Spit Poison       |    11 |    22 ||    33
  Use: Potion            |       |     3 ||     3
  Eat: Chunk             |     1 |     5 ||     6
Armor: Scale mail        |    59 |    62 ||   121
Dodge: Dodged            |    29 |    36 ||    65
Block: Shield            |    72 |    80 ||   152

Notes
Turn   | Place    | Note
--------------------------------------------------------------
     0 | D:1      | Duffy the Naga Fighter began the quest for the Orb.
     0 | D:1      | Reached XP level 1. HP: 21/21 MP: 1/1
   142 | D:1      | Reached XP level 2. HP: 28/28 MP: 2/2
   401 | D:1      | Reached XP level 3. HP: 34/34 MP: 3/3
   411 | D:1      | Reached skill level 3 in Shields
   776 | D:1      | Reached skill level 3 in Maces & Flails
  1341 | D:2      | Reached XP level 4. HP: 24/42 MP: 4/4
  1778 | D:2      | Found a shadowy altar of Dithmenos.
  2065 | D:3      | Found an iron altar of Okawaru.
  2317 | D:3      | Reached XP level 5. HP: 38/49 MP: 5/5
  2407 | D:3      | Reached skill level 4 in Maces & Flails
  2484 | D:3      | Found a stormy altar of Qazlal.
  2487 | D:3      | Found a basalt altar of Yredelemnul.
  2497 | D:3      | Noticed Robin
  2517 | D:3      | Slain by a goblin

Skill      XL: |  1  2  3  4  5 |
---------------+----------------+-----
Shields        | 3 |  3.8
Maces & Flails | 3 4 |  4.1
Fighting       | |  3.0
Armour         | |  2.4

Vault maps used:
D:1:      dpeg_arrival_more_subterranean_lakeside_camping, solitary_fountain
D:2:      grunt_pakellas_sulfur, first_bread, grunt_dithmenos_smoke, uniq_iyjb
D:3:      nicolae_overflow_hidden_temple, cheibriados_altar_1,
          overflow_temple_1_default, hangedman_abyss_or_decor_stabs,
          grunt_ministairs_7, uniq_robin

Vanquished Creatures
  An orc wizard
  6 adders
  2 worms
  3 dart slugs
  3 giant geckos
  3 orcs
  11 bats
  3 giant cockroaches
  13 goblins
  6 hobgoblins
  A quokka
  A ball python
  2 giant newts
  5 kobolds
  3 rats
63 creatures vanquished.
